 Dungeon Crawl Stone Soup version 0.21.1-1-g345015f (console) character file.

186 fly the Ducker (level 5, 0/54 HPs)
             Began as an Ogre Berserker on May 24, 2018.
             Was a Priest of Trog.
             Slain by a river rat (9 damage)
             ... in a sewer.
             The game lasted 00:03:39 (2006 turns).

fly the Ducker (Ogre Berserker)                     Turns: 2006, Time: 00:03:40

Health: 0/54       AC:  3    Str: 21    XL:     5   Next: 65%
Magic:  5/5        EV: 12    Int:  8    God:    Trog [***...]
Gold:   57         SH:  0    Dex: 12    Spells: 4/4 levels left

rFire    + . .     SeeInvis .   a - +0 hand axe
rCold    + . .     Gourm    .   (no shield)
rNeg     . . .     Faith    .   y - +0 animal skin
rPois    .         Spirit   .   (helmet restricted)
rElec    .         Reflect  .   q - scarf {rC+ rF+}
rCorr    .         Harm     .   (gloves unavailable)
MR       .....                  (boots unavailable)
Stlth    +.........             (no amulet)
HPRegen  0.18/turn              o - +3 ring of dexterity
MPRegen  0.09/turn              (no ring)

@: berserk cooldown, slowed, very slow
A: large, unfitting armour, tough skin 1
a: Berserk, Trog's Hand, Burn Spellbooks, Renounce Religion


You were in a sewer.
You worshipped Trog.
Trog was most pleased with you.
You were very hungry.

You visited 1 branch of the dungeon, and saw 3 of its levels.
You also visited: Sewer.

You collected 57 gold pieces.

Inventory:

Hand Weapons
 a - a +0 hand axe (weapon)
Armour
 q - a scarf of resistance (worn)
 y - a +0 animal skin (worn)
Jewellery
 o - a +3 ring of dexterity (left hand)
Scrolls
 b - 7 scrolls of identify {unknown}
 g - 2 scrolls of fog {unknown}
 h - 2 scrolls of teleportation {unknown}
 j - a scroll of enchant weapon {unknown}
 k - 5 scrolls of remove curse {unknown}
 r - a scroll of immolation {unknown}
Potions
 d - a potion of haste {unknown}
 e - a potion of ambrosia {unknown}
 f - a potion of curing {unknown}
 i - a potion of brilliance {unknown}
 l - a potion of degeneration {unknown}
 m - a potion of magic {unknown}
 p - a potion of might {unknown}
Comestibles
 c - 4 rations
 n - 3 chunks of flesh


   Skills:
 - Level 4.0 Fighting
 + Level 4.5 Axes
 * Level 4.6 Dodging


You had 4 spell levels left.
You didn't know any spells.

Dungeon Overview and Level Annotations

Branches:
Dungeon (3/15)

Altars:


Innate Abilities, Weirdness & Mutations

You are too large for most types of armour.
You have tough skin. (AC +1)


Message History

You barely miss the river rat.
The river rat is heavily wounded.
The river rat barely misses you. The river rat closely misses you.
You hit the river rat but do no damage.
The river rat is heavily wounded.
The river rat barely misses you.
You closely miss the river rat.
The river rat is heavily wounded.
The river rat closely misses you. x2
You hit the river rat but do no damage.
The river rat is moderately wounded.
The river rat bites you.
You hit the river rat but do no damage.
The river rat is moderately wounded.
The river rat bites you. The river rat bites you!
* * * LOW HITPOINT WARNING * * *
You closely miss the river rat.
The river rat is moderately wounded.
The river rat misses you. The river rat bites you!
You die...

#≈#
#≈#
#≈#
#.#
#.#
#.#
#r#
#@#
#†#
#∩#
#.#
#∩#
#.#
#.#
#.#
#.#


You could see a river rat.

Vanquished Creatures
  Crazy Yiuf (D:2)
  A worker ant (D:2)
  3 river rats
  3 adders
  An ooze (D:3)
  2 worms (D:2)
  2 dart slugs (D:1)
  2 leopard geckos
  2 ball pythons
  4 giant cockroaches
  7 hobgoblins
  4 jackals (D:1)
  2 quokkas (D:3)
  11 bats
  6 frilled lizards
  6 goblins
  4 kobolds
  9 rats
70 creatures vanquished.

Notes
Turn   | Place    | Note
-------+----------+-------------------------------------------
     0 | D:1      | fly the Ogre Berserker began the quest for the Orb.
     0 | D:1      | Reached XP level 1. HP: 24/24 MP: 1/1
    41 | D:1      | Reached XP level 2. HP: 19/32 MP: 2/2
   446 | D:1      | Reached XP level 3. HP: 38/39 MP: 3/3
   652 | D:1      | Reached ** piety under Trog
   948 | D:2      | Reached XP level 4. HP: 48/48 MP: 4/4
  1385 | D:2      | Found a runed door.
  1637 | D:2      | Noticed Crazy Yiuf
  1642 | D:2      | Killed Crazy Yiuf
  1642 | D:2      | Reached XP level 5. HP: 54/54 MP: 0/5
  1924 | D:3      | Found a glowing drain.
  1936 | D:3      | Reached *** piety under Trog
  1984 | Sewer    | Entered a sewer
  2006 | Sewer    | Slain by a river rat

Skill      XL: |  1  2  3  4 |
---------------+-------------+-----
Dodging        | 3 4 |  4.6
Axes           | 4 |  4.5
Fighting       | |  4.0

Action                   |  1- 3 |  4- 6 || total
-------------------------+-------+-------++-------
Melee: Hand axe          |   111 |   105 ||   216
Invok: Berserk           |     1 |     4 ||     5
 Stab: Sleeping          |     1 |       ||     1
  Eat: Chunk             |     1 |     7 ||     8
Armor: Animal skin       |    33 |    25 ||    58
Dodge: Dodged            |    75 |    67 ||   142
